 Dungeon Crawl Stone Soup version 0.19.5 (webtiles) character file.

4260 than402 the Archer (level 10, -12/126 (129) HPs)
             Began as a Centaur Hunter on Mar 4, 2017.
             Was an Initiate of the Shining One.
             Mangled by a two-headed ogre
             ... wielding a +0 giant spiked club
              (21 damage)
             ... on level 8 of the Dungeon.
             The game lasted 01:05:59 (11704 turns).

than402 the Archer (Centaur Hunter)                Turns: 11704, Time: 01:06:00

HP:   -12/126 (129) AC: 13    Str: 21    XL:     10   Next: 10%
MP:   14/14         EV:  9    Int: 10    God:    the Shining One [......]
Gold: 482           SH:  0    Dex: 12    Spells: 2 memorised, 13 levels left

rFire  . . .     SeeInvis .     G - +2 spear
rCold  . . .     Gourm    .     c - +0 leather armour
rNeg   . . .     Faith    .     (no shield)
rPois  .         Spirit   .     x - +2 helmet
rElec  .         Reflect  .     k - +2 cloak
rCorr  .         Harm     .     z - +2 pair of gloves
MR     +....                    (no barding)
Stlth  ..........               l - amulet of regeneration
                                (no ring)
                                M - ring of protection from magic

@: berserking, glowing, very quick
A: hooves 3, deformed body, speed 2, tough skin 3
a: Renounce Religion


You were on level 8 of the Dungeon.
You worshipped the Shining One.
The Shining One was noncommittal.
You were not hungry.

You visited 2 branches of the dungeon, and saw 9 of its levels.

You collected 482 gold pieces.

Inventory:

Hand Weapons
 a - a +3 shortbow
 b - a +0 short sword
 h - a cursed -2 short sword
 r - a +0 trident
 G - a +2 spear (weapon)
Missiles
 y - 52 arrows
Armour
 c - a +0 leather armour (worn)
 k - a +2 cloak (worn)
 x - a +2 helmet (worn)
 z - a +2 pair of gloves (worn)
Jewellery
 l - an amulet of regeneration (around neck)
 M - a ring of protection from magic (left hand)
Wands
 d - a wand of polymorph (14/24)
 t - a wand of iceblast (11/15)
 B - a wand of confusion (37/48)
 K - a wand of flame (24/48)
 L - a wand of paralysis (7/24)
Scrolls
 g - 4 scrolls of remove curse
 i - a scroll of vulnerability {unknown}
 o - 2 scrolls of recharging
 s - a scroll of fear
 v - 3 scrolls of enchant armour
 F - a scroll of magic mapping
 H - a scroll of identify
 N - 3 scrolls of noise {unknown}
 S - a scroll of acquirement {unknown}
Potions
 e - a potion of agility
 j - 5 potions of curing
 n - 2 potions of degeneration
 q - 2 potions of invisibility {unknown}
 D - a potion of mutation {unknown}
 E - a potion of brilliance
 I - 2 potions of ambrosia {unknown}
 J - 2 potions of heal wounds {unknown}
 O - a potion of flight {unknown}
 P - a potion of haste
 Q - a potion of berserk rage
Books
 w - a book of Cantrips

   Spells                             Type                      Level
   a - Confusing Touch                Hexes                        1
   b - Animate Skeleton               Necromancy                   1
   c - Summon Small Mammal            Summoning                    1
   d - Apportation                    Translocation                1
 C - a book of Changes

   Spells                             Type                      Level
   a - Beastly Appendage              Transmutation                1
   b - Sticks to Snakes               Transmutation                2
   c - Spider Form                    Transmutation/Poison         3
   d - Ice Form                       Ice/Transmutation            4
   e - Blade Hands                    Transmutation                5
Comestibles
 f - 5 bread rations
 m - 3 meat rations
 p - a slice of pizza
 u - 9 fruits
 A - a beef jerky
 R - a royal jelly


   Skills:
 * Level 7.1 Fighting
 * Level 7.3 Polearms
 * Level 12.4 Bows
 - Level 1.3 Dodging
 - Level 0.4 Stealth
 - Level 3.2 Spellcasting
 * Level 1.0 Summonings


You had 13 spell levels left.
You knew the following spells:

 Your Spells              Type           Power        Failure   Level  Hunger
a - Animate Skeleton      Necr           N/A          34%         1    #......
b - Summon Small Mammal   Summ           #...         24%         1    #......


Dungeon Overview and Level Annotations

Branches:
Dungeon (8/15)             Temple (1/1) D:7
   Lair: D:8-11

Altars:
Ashenzari
Cheibriados
Dithmenos
Elyvilon
Fedhas
Gozag
Hepliaklqana
Kikubaaqudgha
Makhleb
Nemelex Xobeh
Okawaru
Qazlal
Ru
Sif Muna
Trog
Uskayaw
Vehumet
Xom
Yredelemnul
Zin
The Shining One

Shops:
D:6 (


Innate Abilities, Weirdness & Mutations

You have hooves in place of feet.
Armour fits poorly on your strangely shaped body.
You cover ground very quickly.
You have extremely tough skin. (AC +3)


Message History

The leopard gecko bites you but does no damage.
You puncture the bullfrog! You kick the bullfrog.
The bullfrog is almost dead.
The bullfrog hits you.
* * * LOW HITPOINT WARNING * * *
You barely miss the bullfrog.
The bullfrog is almost dead.
The leopard gecko closely misses you.
You impale the bullfrog!!
You kill the bullfrog!
You puncture the leopard gecko!
You kill the leopard gecko!
You puncture the two-headed ogre!
The two-headed ogre is moderately wounded.
You completely miss the two-headed ogre.
The two-headed ogre is moderately wounded.
The two-headed ogre hits you with a giant spiked club!
* * * LOW HITPOINT WARNING * * *
The two-headed ogre hits you with a giant spiked club!!
You die...

.. ###.#.......# #.#.#
.######### # #......<# ##.#.#
.........#
####.#.......###....#
.#######.#
#..............††...# .# #.#
#.####.......###...## .# #.#
#.# ###...### ##.## )# #.# #.#
##...######.#
>#######.###.#####......<....#
o.§....o.o..o..O@..#.#########
.#######.###..[o...#.# .# #.#
#######.#.# ## #.# #.... #..
##### ###


You could see a two-headed ogre, an orc warrior, an orc wizard and an orc.

Vanquished Creatures
  A manticore (D:6)
  The ghost of IceTray the Shield-Bearer, an amateur MiFi of Zin (D:5)
  Grinder (D:4)
  Prince Ribbit (D:6)
  Duvessa (D:4)
  An orc warrior (D:5)
  A black bear (D:6)
  2 ice beasts
  2 sky beasts
  A necrophage (D:5)
  5 ogres
  3 centaurs
  3 bullfrogs
  Dowan (D:4)
  2 scorpions
  6 wights
  2 howler monkeys
  A bullfrog zombie (D:5)
  A crimson imp (D:5)
  A centaur zombie (D:5)
  The ghost of Jynx the Firebug, a weakling DEFE (D:3)
  5 hounds
  A gnoll shaman (D:6)
  4 centaur skeletons
  3 orc priests
  Natasha (twice) (D:4)
  6 orc wizards
  6 worker ants
  A hound zombie (D:5)
  5 hound skeletons
  A howler monkey zombie (D:5)
  A worker ant zombie (D:5)
  4 gnolls (D:6)
  4 adders
  4 adder zombies (D:5)
  4 adder skeletons
  A worm (D:6)
  14 dart slugs
  4 leopard geckos
  24 orcs
  A ball python (D:3)
  9 giant cockroaches
  12 goblins
  6 hobgoblins
  14 jackals
  4 kobolds
  8 quokkas
  A ball python skeleton (D:5)
  5 bats
  12 frilled lizards
  A giant cockroach zombie (D:5)
  A leopard gecko skeleton (D:5)
  2 leopard gecko zombies (D:5)
  A quokka zombie (D:5)
  8 rats
  A plant (Temple)
218 creatures vanquished.

Notes
Turn   | Place    | Note
-------+----------+-------------------------------------------
     0 | D:1      | than402 the Centaur Hunter began the quest for the Orb.
     0 | D:1      | Reached XP level 1. HP: 17/17 MP: 1/1
   515 | D:1      | Reached XP level 2. HP: 24/24 MP: 2/2
   784 | D:1      | Reached skill level 6 in Bows
   945 | D:1      | Noticed a howler monkey
   965 | D:1      | Killed a howler monkey
   965 | D:1      | Reached XP level 3. HP: 30/30 MP: 3/3
  1344 | D:2      | Reached XP level 4. HP: 29/37 MP: 3/5
  1778 | D:2      | Reached skill level 7 in Bows
  2156 | D:2      | Found a burning altar of Makhleb.
  2259 | D:3      | Noticed Jynx's ghost (weakling DEFE)
  2343 | D:3      | Found a basalt altar of Yredelemnul.
  2349 | D:3      | Reached XP level 5. HP: 45/45 MP: 6/6
  2655 | D:3      | Reached skill level 1 in Spellcasting
  2757 | D:3      | Killed Jynx's ghost
  2757 | D:3      | Reached skill level 8 in Bows
  3195 | D:3      | Found a blossoming altar of Fedhas.
  3195 | D:3      | Found a shimmering altar of Xom.
  3197 | D:3      | Found a hazy altar of Hepliaklqana.
  3481 | D:3      | Reached XP level 6. HP: 51/51 MP: 7/7
  3522 | D:3      | Found an iron altar of Okawaru.
  4099 | D:4      | Noticed Grinder
  4100 | D:4      | Paralysed by Grinder for 2 turns
  4116 | D:4      | Reached skill level 9 in Bows
  4142 | D:4      | Paralysed by Grinder for 5 turns
  4155 | D:4      | Paralysed by Grinder for 4 turns
  4173 | D:4      | Killed Grinder
  4173 | D:4      | Reached skill level 1 in Polearms
  4173 | D:4      | Reached XP level 7. HP: 14/58 MP: 7/9
  4383 | D:4      | Learned a level 1 spell: Animate Skeleton
  4385 | D:4      | Learned a level 1 spell: Summon Small Mammal
  4670 | D:4      | Reached skill level 10 in Bows
  4983 | D:4      | Found an ancient bone altar of Kikubaaqudgha.
  4990 | D:4      | Noticed Natasha
  5000 | D:4      | Killed Natasha
  5039 | D:4      | Noticed Duvessa
  5039 | D:4      | Noticed Dowan
  5068 | D:4      | Killed Dowan
  5071 | D:4      | Killed Duvessa
  5160 | D:5      | Entered Level 5 of the Dungeon
  5242 | D:4      | Noticed Natasha
  5251 | D:4      | Killed Natasha
  5543 | D:5      | Found a glowing silver altar of Zin.
  5638 | D:5      | Reached XP level 8. HP: 64/67 MP: 10/10
  5869 | D:5      | Found a sparkling altar of Nemelex Xobeh.
  5979 | D:5      | Reached skill level 11 in Bows
  6036 | D:5      | Noticed IceTray's ghost (amateur MiFi)
  6108 | D:5      | Reached skill level 5 in Fighting
  6483 | D:5      | Killed IceTray's ghost
  7464 | D:6      | Reached skill level 5 in Polearms
  7595 | D:6      | Reached XP level 9. HP: 51/75 MP: 12/12
  7676 | D:6      | Found Qynguoff's Weapon Boutique.
  8284 | D:6      | Noticed a manticore
  8307 | D:6      | Killed a manticore
  8516 | D:6      | Noticed Prince Ribbit
  8757 | D:5      | HP: 3/112 [orc warrior/dire flail (8)]
  8759 | D:5      | HP: 1/112 [orc warrior/dire flail (3)]
  9147 | D:6      | Reached skill level 12 in Bows
  9330 | D:6      | Killed Prince Ribbit
 10222 | D:7      | Found a staircase to the Ecumenical Temple.
 10226 | Temple   | Entered the Ecumenical Temple
 10788 | Temple   | Became a worshipper of the Shining One
 10985 | D:7      | Reached XP level 10. HP: 66/82 MP: 14/14
 11346 | D:7      | Reached skill level 1 in Summonings
 11505 | D:8      | Found a hide-covered altar of Uskayaw.
 11704 | D:8      | Mangled by a two-headed ogre

Skill      XL: |  1  2  3  4  5  6  7  8  9 10 |
---------------+-------------------------------+-----
Bows           | 6 7 8 9 10 11 12 | 12.4
Fighting       | 3 4 5 6 7 |  7.1
Spellcasting   | 1 2 3 |  3.2
Polearms       | 1 2 5 7 |  7.3
Summonings     | 1 |  1.0
Dodging        | |  1.3
Stealth        | |  0.4

Action                   |  1- 3 |  4- 6 |  7- 9 | 10-12 || total
-------------------------+-------+-------+-------+-------++-------
Melee: Trident           |       |     6 |   376 |       ||   382
       Kick              |       |     1 |   122 |     8 ||   131
       Spear             |       |       |   165 |    45 ||   210
 Fire: Shortbow          |    65 |   211 |   209 |    12 ||   497
  Use: Scroll            |       |    11 |     7 |       ||    18
       Potion            |       |       |     3 |     1 ||     4
  Eat: Meat ration       |       |     1 |       |       ||     1
       Bread ration      |       |     1 |     4 |       ||     5
       Pizza             |       |       |     1 |       ||     1
Armor: Leather armour    |    25 |    54 |   269 |    33 ||   381
Dodge: Dodged            |    30 |    42 |   212 |    12 ||   296
